 Dungeon Crawl Stone Soup version 0.30.0-10-gfe55d96785 (webtiles) character file.

Game seed: 9622892074972441574

1832 monsoonserge the Trooper (level 9, -8/92 HPs)
             Began as an Ogre Cinder Acolyte on May 15, 2023.
             Was a High Priest of Ignis.
             Mangled by a +1 spectral quarterstaff (11 damage)
             ... created by Joseph
             ... on level 7 of the Dungeon.
             The game lasted 00:28:59 (6786 turns).

monsoonserge the Trooper (Ogre Cinder Acolyte)      Turns: 6786, Time: 00:29:00

Health: -8/92      AC:  6    Str: 28    XL:     9   Next: 11%
Magic:  4/13       EV:  9    Int: 17    God:    Ignis [*****.]
Gold:   271        SH:  0    Dex:  4    Spells: 7/14 levels left

rFire   + + .        p - +2 quarterstaff (chaos)
rCold   . . .        (shield currently unavailable)
rNeg    . . .        b - +0 robe
rPois   .            (helmet restricted)
rElec   .            q - +2 cloak {Will+}
rCorr   .            (gloves unavailable)
SInv    .            (boots unavailable)
Will    +....        (no amulet)
Stlth   +            t - +6 ring of strength
HPRegen 0.35/turn    C - ring of protection from fire
MPRegen 0.13/turn

%: no passive effects
@: no status effects
A: large, unfitting armour, tough skin 1
a: Renounce Religion, Fiery Armour, Foxfire Swarm, Rising Flame


You were on level 7 of the Dungeon.
You worshipped Ignis.
Ignis was extremely pleased with you.
You visited 2 branches of the dungeon, and saw 8 of its levels.

You collected 315 gold pieces.
You spent 44 gold pieces at shops.

Inventory:

Hand Weapons
 a - a -1 hand axe of flaming
 p - a +2 quarterstaff of chaos (weapon)
 z - a +0 flail of protection
 D - a +4 dagger of freezing
Missiles
 l - 3 atropa-tipped darts
 n - 55 stones
 y - a throwing net
 A - 3 boomerangs (quivered)
 G - 14 poisoned darts
Armour
 b - a +0 robe (worn)
 q - a +2 cloak of willpower (worn)
Magical Staves
 i - a staff of air
Jewellery
 t - a +6 ring of strength (left hand)
 C - a ring of protection from fire (right hand)
Wands
 s - a wand of digging (3)
Scrolls
 d - a scroll of blinking {unknown}
 f - 4 scrolls of teleportation
 k - 2 scrolls of amnesia {unknown}
 m - 4 scrolls of identify {unknown}
 v - 2 scrolls of fear {unknown}
 w - a scroll of enchant armour {unknown}
 x - a scroll of vulnerability {unknown}
 B - a scroll of enchant weapon {unknown}
 F - a scroll of silence {unknown}
Potions
 c - a potion of mutation {unknown}
 e - a potion of attraction {unknown}
 g - 2 potions of curing
 h - 2 potions of brilliance {unknown}
 j - 2 potions of invisibility {unknown}
 o - 2 potions of flight {unknown}
 r - a potion of heal wounds {unknown}
 u - a potion of cancellation {unknown}
 E - a potion of degeneration {unknown}


   Skills:
 + Level 6.7 Fighting
 + Level 4.1(4.7) Axes
 * Level 2.0(4.4) Maces & Flails
 * Level 1.9(4.8) Polearms
 + Level 5.3(5.7) Staves
 + Level 0.1 Throwing
 + Level 2.8 Dodging
 - Level 3.0 Spellcasting
 * Level 1.1 Conjurations
 - Level 4.0 Fire Magic
 * Level 3.1 Air Magic
 * Level 3.2 Poison Magic
 - Level 1.0 Evocations


You had 7 spell levels left.
You knew the following spells:

 Your Spells              Type           Power      Damage    Failure   Level
a - Scorch                Fire           32%        2d6       4%          2
b - Poisonous Vapours     Pois/Air       26%        N/A       7%          2
c - Mephitic Cloud        Conj/Pois/Air  11%        N/A       19%         3

Your spell library contained the following spells:

 Spells                   Type           Power      Damage    Failure   Level
 Sting                    Tmut/Pois      32%        1d4       9%          1
 Magic Dart               Conj           24%        1d4       11%         1
 Swiftness                Air            13%        N/A       14%         3
 Call Imp                 Summ           4%         N/A       26%         2
 Ensorcelled Hibernation  Hex/Ice        4%         N/A       26%         2
 Passwall                 Tmut/Erth      1%         N/A       26%         2
 Olgreb's Toxic Radiance  Pois           13%        N/A       41%         4


Dungeon Overview and Level Annotations

Branches:
Dungeon (7/15)             Temple (1/1) D:6

Altars:
Ashenzari
Cheibriados
Dithmenos
Elyvilon
Fedhas
Gozag
Hepliaklqana
Kikubaaqudgha
Makhleb
Nemelex Xobeh
Ru
Sif Muna
Trog
Uskayaw
Vehumet
Wu Jian
Xom
Yredelemnul
Zin
The Shining One

Shops:
D:6 ?

Annotations:
D:7 Joseph


Innate Abilities, Weirdness & Mutations

You are too large for most types of armour.
You have tough skin. (AC +1)


Message History

Throw: 3 boomerangs
Press: ? - help, Q - select action, (/) - cycle Shift-Dir - straight line, f/p - Joseph
Aim: Joseph, wielding a +0 sling and wearing a +0 leather armour (lightly wounded, confused, extremely poisoned, 75% to hit)
You throw a boomerang. The boomerang hits Joseph.
Joseph is lightly wounded.
Joseph gestures wildly.
Throw: 3 boomerangs
Press: ? - help, Q - select action, (/) - cycle Shift-Dir - straight line, f/p - Joseph
Aim: Joseph, wielding a +0 sling and wearing a +0 leather armour (moderately wounded, confused, extremely poisoned, 75% to hit)
You throw a boomerang. The boomerang barely misses Joseph.
Joseph seems less confused.
Joseph shoots a sling bullet.
The sling bullet hits you!
Casting: Poisonous Vapours (safe; 7% risk of failure)
Confirm with . or Enter, or press ? or * to list all spells.
Okay, then.
Joseph unwields a +0 sling.
Joseph wields a +1 spectral quarterstaff.
Joseph hits you with a +1 spectral quarterstaff.
The +1 spectral quarterstaff hits you.
A +1 spectral quarterstaff comes into view.
You hit Joseph but do no damage.
Joseph looks as sick as possible!
Joseph is moderately wounded.
Joseph hits you with a +1 spectral quarterstaff.
The +1 spectral quarterstaff hits you!
You closely miss Joseph.
Joseph is heavily wounded.
The +1 spectral quarterstaff hits you!
* * * LOW HITPOINT WARNING * * *
Joseph barely misses you. The +1 spectral quarterstaff hits you.
* * * LOW HITPOINT WARNING * * *
You barely miss Joseph.
Joseph is heavily wounded.
Joseph hits you with a +1 spectral quarterstaff!
* * * LOW HITPOINT WARNING * * *
The +1 spectral quarterstaff hits you.
* * * LOW HITPOINT WARNING * * *
Activating: Foxfire Swarm
Press: ? - help, Dir - look around, f - activate Flames leap up around you!
The +1 spectral quarterstaff hits you!
You die...

#...##...##
#..##
#.....##
#..#
#.....#
#..#
##....#
#..##
#.....#
##..#
#..##..
#..## #..#
##..# #vv.#
#...
#...###@v.#
.@.
#..vv@(v##


##.vvvvv# #..vvvv## #...##..# ...## ##.. .... ##.. ... #.. .. #.. You could see
Joseph (very poisoned, ally target) and a +1 spectral quarterstaff (ally
target).

Vanquished Creatures
  Menkaure (D:4)
  An ice beast (D:6)
  A kobold brigand (D:6)
  A bullfrog (D:6)
  7 scorpions
  5 wights
  A howler monkey (D:5)
  A quasit (D:6)
  A hound (D:6)
  2 jellies (D:6)
  Crazy Yiuf (D:3)
  Terence (D:3)
  3 iguanas
  A sleepcap (D:5)
  2 orc wizards (D:5)
  Natasha (thrice) (D:3)
  10 gnolls
  7 adders
  4 shadow imps (D:6)
  3 white imps (D:6)
  9 ufetubi
  4 worms
  4 dart slugs
  10 orcs
  A ball python (D:2)
  7 bats
  12 endoplasms
  5 giant cockroaches
  10 hobgoblins
  8 jackals (D:3)
  11 kobolds
  3 quokkas
  2 frilled lizards
  7 goblins
149 creatures vanquished.

Notes
Turn   | Place    | Note
-------+----------+-------------------------------------------
     0 | D:1      | monsoonserge the Ogre Cinder Acolyte began the quest for
                  | the Orb.
     0 | D:1      | Reached XP level 1. HP: 24/24 MP: 2/2
   257 | D:1      | Reached XP level 2. HP: 32/32 MP: 3/3
   326 | D:1      | Learned a level 2 spell: Scorch
   723 | D:2      | Reached XP level 3. HP: 26/40 MP: 4/4
   864 | D:2      | Learned a level 2 spell: Poisonous Vapours
  1183 | D:2      | Reached XP level 4. HP: 49/49 MP: 1/6
  1242 | D:2      | Noticed a phantom
  1392 | D:3      | Found a burning altar of Makhleb.
  1411 | D:3      | Noticed Terence
  1449 | D:3      | HP: 1/49 [Terence/+0 falchion (6)]
  1455 | D:3      | Killed Terence
  1637 | D:3      | Learned a level 3 spell: Mephitic Cloud
  1657 | D:3      | Reached XP level 5. HP: 49/55 MP: 8/8
  1689 | D:3      | Noticed Natasha
  1694 | D:3      | Killed Natasha
  1774 | D:3      | Found a faded altar of an unknown god.
  1822 | D:3      | Found a shimmering blue altar of Sif Muna.
  1861 | D:3      | Found a runed translucent door.
  1862 | D:3      | Noticed Crazy Yiuf
  1872 | D:3      | Noticed Natasha
  1882 | D:3      | Killed Natasha
  1883 | D:3      | Reached skill level 1 in Maces & Flails
  2023 | D:3      | Noticed Natasha
  2028 | D:3      | Killed Natasha
  2029 | D:3      | Reached skill level 1 in Dodging
  2130 | D:3      | Reached skill level 1 in Polearms
  2146 | D:3      | Reached skill level 1 in Air Magic
  2146 | D:3      | Reached XP level 6. HP: 58/65 MP: 7/9
  2390 | D:3      | Killed Crazy Yiuf
  2391 | D:3      | Reached skill level 1 in Poison Magic
  2527 | D:4      | Reached skill level 5 in Fighting
  2795 | D:4      | Reached skill level 1 in Conjurations
  2940 | D:4      | Noticed Menkaure
  2946 | D:4      | Killed Menkaure
  2947 | D:4      | Reached skill level 1 in Staves
  2947 | D:4      | Reached XP level 7. HP: 60/72 MP: 1/10
  3570 | D:5      | Entered Level 5 of the Dungeon
  3636 | D:5      | Found an ancient bone altar of Kikubaaqudgha.
  3748 | D:5      | HP: 1/72 [gnoll/+0 quarterstaff (10)]
  3770 | D:4      | HP: 1/72 [gnoll/+0 flail (4)]
  4258 | D:5      | Found a hazy altar of Hepliaklqana.
  4611 | D:5      | Reached XP level 8. HP: 72/81 MP: 11/11
  4956 | D:6      | Found a staircase to the Ecumenical Temple.
  4971 | D:6      | Reached skill level 6 in Fighting
  4975 | Temple   | Entered the Ecumenical Temple
  5783 | D:6      | Found Askurud's Magic Scroll Shop.
  5791 | D:6      | Reached skill level 5 in Staves
  5801 | D:6      | Bought a scroll of noise for 11 gold pieces
  5801 | D:6      | Bought a scroll of teleportation for 33 gold pieces
  5929 | D:6      | Reached XP level 9. HP: 82/92 MP: 13/13
  6111 | D:6      | Reached skill level 1 in Evocations
  6254 | D:6      | Found a basalt altar of Yredelemnul.
  6486 | D:7      | Noticed Joseph
  6785 | D:7      | HP: 2/92 [+1 spectral quarterstaff[Joseph] (6)]
  6786 | D:7      | Mangled by a +1 spectral quarterstaff

Illustrated notes

Levels and vault maps discovered:
D:1:      shiori_shiawase, layout_rooms
D:2:      layout_rooms, minmay_tiny_reverse_x
D:3:      layout_rooms, mainiacjoe_overflow_alcove_2, bloody_makhleb,
          shapermc_ecumenical_altar_pompeii, uniq_terence, uniq_natasha,
          uniq_crazy_yiuf_cottage
D:4:      layout_basic, uniq_menkaure
D:5:      layout_basic, mainiacjoe_overflow_surrounded_room,
          kiku_gazebo_garden_becter
D:6:      layout_loops_ring, lemuel_round_altar, minmay_temple_entry_mini_moons,
          serial_shops, nicolae_shop_waterfront, serial_demonic,
          serial_demonic_c, serial_demonic_d, serial_demonic_g,
          serial_demonic_g, serial_demonic_g, serial_demonic_c,
          serial_demonic_e, serial_demonic_d, serial_demonic_e, serial_demonic_e
D:7:      layout_layer_cave, serial_shops, nicolae_shop_overgrown_old_shop,
          uniq_joseph
Temple:   hellmonk_temple_two_chambers

Skill      XL: |  1  2  3  4  5  6  7  8  9 |
---------------+----------------------------+-----
Fire Magic     | 3 4 |  4.0
Spellcasting   | 2 3 |  3.0
Maces & Flails | 1 2 |  2.0
Dodging        | 1 2 |  2.8
Polearms       | 1 |  1.9
Air Magic      | 1 2 3 |  3.1
Poison Magic   | 1 2 3 |  3.2
Fighting       | 5 6 |  6.7
Axes           | 4 |  4.1
Conjurations   | 1 |  1.1
Staves         | 1 3 5 |  5.3
Evocations     | 1 |  1.0
Throwing       | |  0.1

Action                     |  1- 3 |  4- 6 |  7- 9 || total
---------------------------+-------+-------+-------++-------
  Melee: Hand axe          |    97 |   129 |       ||   226
         Punch             |     1 |     3 |       ||     4
         Quarterstaff      |       |    26 |   216 ||   242
  Throw: Stone             |       |       |     1 ||     1
         Boomerang         |       |       |     2 ||     2
   Cast: Scorch            |     7 |    17 |    17 ||    41
         Poisonous Vapours |       |     3 |    16 ||    19
         Mephitic Cloud    |       |       |     2 ||     2
 Invoke: Fiery Armour      |       |       |     1 ||     1
         Foxfire Swarm     |       |       |     1 ||     1
    Use: Potion            |       |     2 |       ||     2
 Armour: Robe              |    29 |    54 |   107 ||   190
         Skin              |       |     3 |       ||     3
  Dodge: Dodged            |    55 |    88 |   142 ||   285
